 Dungeon Crawl Stone Soup version 0.22.1-2-g9c5b331 (webtiles) character file.

100 whitewolfNL the Cudgeler (level 4, 0/40 HPs)
             Began as a Minotaur Berserker on Nov 27, 2018.
             Was a Believer of Trog.
             Slain by Crazy Yiuf
             ... wielding a +4 quarterstaff of chaos
              (2 damage)
             ... on level 2 of the Dungeon.
             The game lasted 00:05:01 (1655 turns).

whitewolfNL the Cudgeler (Minotaur Berserker)       Turns: 1655, Time: 00:05:01

Health: 0/40       AC:  6    Str: 21    XL:     4   Next: 47%
Magic:  0/3        EV: 10    Int:  5    God:    Trog [**....]
Gold:   118        SH:  0    Dex: 10    Spells: 3/3 levels left

rFire    . . .     SeeInvis +   n - +0 mace
rCold    . . .     Gourm    .   (no shield)
rNeg     . . .     Faith    .   h - +0 scale mail
rPois    .         Spirit   +   (helmet restricted)
rElec    .         Reflect  .   i - scarf {Spirit}
rCorr    .         Harm     .   (no gloves)
MR       .....                  (no boots)
Stlth    ..........             (no amulet)
HPRegen  0.13/turn              o - ring of see invisible
MPRegen  0.08/turn              (no ring)

@: berserk cooldown, slowed, drained, very slow
A: retaliatory headbutt, horns 2
a: Berserk, Trog's Hand, Renounce Religion


You were on level 2 of the Dungeon.
You worshipped Trog.
Trog was pleased with you.
You were hungry.

You visited 1 branch of the dungeon, and saw 2 of its levels.

You collected 118 gold pieces.

Inventory:

Hand Weapons
 n - a +0 mace (weapon)
Missiles
 k - 19 arrows
Armour
 h - a +0 scale mail (worn)
 i - a scarf of spirit shield (worn)
Jewellery
 o - a ring of see invisible (left hand)
Scrolls
 f - a scroll of teleportation {unknown}
 g - a scroll of remove curse {unknown}
 l - 2 scrolls of identify {unknown}
 m - a scroll of fog {unknown}
Potions
 d - a potion of magic {unknown}
 j - a potion of lignification {unknown}
 p - a potion of brilliance {unknown}
Comestibles
 c - a ration


   Skills:
 + Level 4.2(3.7) Fighting
 * Level 5.0(4.4) Maces & Flails
 * Level 3.0(2.4) Armour
 * Level 2.9(2.4) Dodging
 * Level 1.0(0.5) Stealth


You had 3 spell levels left.
You didn't know any spells.
Your spell library was empty.

Dungeon Overview and Level Annotations

Branches:
Dungeon (2/15)

Altars:

Annotations:
D:2 Crazy Yiuf


Innate Abilities, Weirdness & Mutations

You reflexively headbutt those who attack you in melee.
You have a pair of horns on your head.


Message History

You hit Crazy Yiuf.
Crazy Yiuf is moderately wounded.
Crazy Yiuf hits you with a quarterstaff of chaos.
Crazy Yiuf freezes you.
Crazy Yiuf hits you with a quarterstaff of chaos!
Crazy Yiuf freezes you.
All of the chunks of flesh in your inventory have rotted away.
You hit Crazy Yiuf. Your headbutt misses Crazy Yiuf.
Crazy Yiuf is heavily wounded.
Crazy Yiuf hits you with a quarterstaff of chaos!
You hit Crazy Yiuf.
Crazy Yiuf is severely wounded.
Crazy Yiuf hits you with a quarterstaff of chaos.
* * * LOW HITPOINT WARNING * * *
You feel drained.
* * * LOW HITPOINT WARNING * * *
Crazy Yiuf hits you with a quarterstaff of chaos.
* * * LOW HITPOINT WARNING * * *
You feel drained.
You die...

####.# #. ...... #.
..... #. #...##.
...#. ###.#. #####
#####..... #)..###
##P....##..
#.g@'.####P.....##..
#...##..#..P...###..
########.#.P..## #.>
######## ##. #. .


You could see Crazy Yiuf.

Vanquished Creatures
  Terence (D:2)
  Robin (D:2)
  2 adders (D:2)
  A dart slug (D:1)
  A leopard gecko (D:1)
  4 bats (D:1)
  2 giant cockroaches
  12 goblins
  6 hobgoblins
  A quokka (D:2)
  A ball python (D:2)
  3 frilled lizards (D:1)
  2 kobolds (D:1)
  4 rats
41 creatures vanquished.

Notes
Turn   | Place    | Note
-------+----------+-------------------------------------------
     0 | D:1      | whitewolfNL the Minotaur Berserker began the quest for the
                  | Orb.
     0 | D:1      | Reached XP level 1. HP: 19/19 MP: 0/0
   433 | D:1      | Reached XP level 2. HP: 12/27 MP: 1/1
   438 | D:1      | Reached skill level 4 in Maces & Flails
  1206 | D:2      | Noticed Terence
  1214 | D:2      | Killed Terence
  1214 | D:2      | Reached XP level 3. HP: 33/33 MP: 2/2
  1371 | D:2      | Noticed Robin
  1393 | D:2      | Reached XP level 4. HP: 37/40 MP: 3/3
  1403 | D:2      | Reached ** piety under Trog
  1412 | D:2      | Killed Robin
  1412 | D:2      | Reached skill level 5 in Maces & Flails
  1567 | D:2      | Reached skill level 1 in Stealth
  1644 | D:2      | Found a runed door.
  1649 | D:2      | Noticed Crazy Yiuf
  1655 | D:2      | HP: 2/40 [Crazy Yiuf/quarterstaff of chaos (5)]
  1655 | D:2      | Slain by Crazy Yiuf

Skill      XL: |  1  2  3  4 |
---------------+-------------+-----
Maces & Flails | 4 5 |  5.0
Fighting       | 4 |  4.2
Armour         | 3 |  3.0
Stealth        | 1 |  1.0
Dodging        | |  2.9

Action                   |  1- 3 |  4- 6 || total
-------------------------+-------+-------++-------
Melee: Mace              |    55 |    20 ||    75
       Headbutt          |     5 |     2 ||     7
Invok: Berserk           |     3 |     1 ||     4
  Eat: Chunk             |     3 |     2 ||     5
Armor: Animal skin       |    12 |       ||    12
       Scale mail        |    16 |     9 ||    25
Dodge: Dodged            |    50 |    14 ||    64
